 Dungeon Crawl Stone Soup version 0.30.1-4-g462c640d31 (webtiles) character file.

Game seed: 7046424914202371433

567 rvierbuc the Slasher (level 7, -1/52 HPs)
             Began as a Demonspawn Gladiator on Aug 21, 2023.
             Shot with an arrow by a centaur (8 damage)
             ... on level 5 of the Dungeon.
             The game lasted 00:15:33 (3516 turns).

rvierbuc the Slasher (Demonspawn Gladiator)         Turns: 3516, Time: 00:15:34

Health: -1/52      AC: 11    Str: 17    XL:     7   Next: 11%
Magic:  7/7        EV: 13    Int:  9    God:
Gold:   199        SH:  0    Dex: 14    Spells: 6/6 levels left

rFire   . . .        a - +0 long sword
rCold   . . .        (no shield)
rNeg    . . .        b - +0 leather armour
rPois   .            c - +0 helmet
rElec   .            m - +2 cloak
rCorr   .            (no gloves)
SInv    .            (no boots)
Will    +....        (no amulet)
Stlth   +            p - +4 ring of protection
HPRegen 0.28/turn    y - ring of willpower
MPRegen 0.10/turn

%: no passive effects
@: no status effects
A: claws 2, powered by death 2
a: no special abilities


You were on level 5 of the Dungeon.
You visited 2 branches of the dungeon, and saw 6 of its levels.

You collected 199 gold pieces.

Inventory:

Hand Weapons
 a - a +0 long sword (weapon)
 q - a +1 vampiric dagger
 w - a +1 short sword of venom
 A - the +0 falchion "Quxzan" {heavy, Will- Str-5 Int+2 Dex+4}
   (You found it on level 4 of the Dungeon)

   Str:       It affects your strength (-5).
   Int:       It affects your intelligence (+2).
   Dex:       It affects your dexterity (+4).
   Will:      It decreases your willpower.
Missiles
 d - 3 throwing nets (quivered)
 e - 6 javelins
 s - 2 boomerangs
Armour
 b - a +0 leather armour (worn)
 c - a +0 helmet (worn)
 m - a +2 cloak (worn)
 u - a +0 kite shield
 F - a scarf of invisibility
Jewellery
 p - a +4 ring of protection (left claw)
 v - a ring of fire
 y - a ring of willpower (right claw)
Wands
 C - a wand of iceblast (4)
Scrolls
 g - a scroll of teleportation {unknown}
 h - 4 scrolls of identify {unknown}
 k - a scroll of enchant weapon {unknown}
 l - 2 scrolls of silence {unknown}
 n - a scroll of magic mapping {unknown}
 o - a scroll of immolation {unknown}
 t - 2 scrolls of vulnerability {unknown}
 x - 2 scrolls of noise {unknown}
 D - a scroll of blinking {unknown}
 E - 3 scrolls of poison {unknown}
Potions
 f - 2 potions of degeneration {unknown}
 i - a potion of might {unknown}
 j - 3 potions of curing {unknown}
 r - a potion of lignification {unknown}
 z - a potion of heal wounds {unknown}
 B - a potion of flight {unknown}


   Skills:
 + Level 3.5 Fighting
 + Level 5.4 Long Blades
 + Level 1.8 Throwing
 + Level 2.1 Armour
 + Level 4.1 Dodging
 + Level 0.7 Stealth


You had 6 spell levels left.
You didn't know any spells.
Your spell library contained the following spells:

 Spells                   Type           Power      Damage    Failure   Level
 Sandblast                Erth           0%         2d4       43%         1
 Blink                    Tloc           0%         N/A       58%         2
 Lesser Beckoning         Tloc           0%         N/A       58%         2
 Momentum Strike          Conj/Tloc      0%         3d8       58%         2
 Passwall                 Tmut/Erth      0%         N/A       58%         2
 Frozen Ramparts          Ice            0%         1d1       82%         3
 Stone Arrow              Conj/Erth      0%         3d7       82%         3
 Ice Form                 Ice/Tmut       0%         N/A       99%         4
 Summon Ice Beast         Ice/Summ       0%         N/A       99%         4


Dungeon Overview and Level Annotations

Branches:
Dungeon (5/15)             Temple (1/1) D:5

Altars:
Cheibriados
Dithmenos
Gozag
Kikubaaqudgha
Qazlal
Ru
Vehumet
Wu Jian
Xom
Yredelemnul

Annotations:
D:3 exclusion: statue


Innate Abilities, Weirdness & Mutations

You have very sharp fingernails.
You regenerate health from kills.


Message History

The orc is moderately wounded.
The orc hits you but does no damage.
You slash the orc!
You kill the orc!
You see here a +0 whip.
Found a scale mail.
Found 9 gold pieces.
You now have 199 gold pieces (gained 9).
There is a shaft here.
e - 6 javelins (gained 5)
j - 3 cyan potions (gained 1)
An adder comes into view.
An adder is nearby!
The centaur shouts!
The centaur wields a +0 shortbow.
The centaur shoots an arrow.
The arrow hits you but does no damage.
The adder hisses angrily.
The centaur shoots an arrow.
The arrow hits you!
The centaur shoots an arrow.
The arrow closely misses you.
Found 5 poisoned darts.
The centaur shoots an arrow.
The arrow completely misses you. The adder bites you but does no damage.
You barely miss the adder.
The centaur zaps a wand.
Some rock shatters into small pieces.
The adder closely misses you.
You closely miss the adder.
The centaur shoots an arrow.
The arrow hits you. The adder closely misses you.
The centaur shoots an arrow.
The arrow hits you but does no damage. The adder misses you.
The adder attacks as you move away! The adder misses you.
The centaur shoots an arrow.
The arrow hits you!
The centaur shoots an arrow.
The arrow hits you! The adder misses you. The adder attacks as you move away!
The adder bites you but does no damage. The adder attacks as you move away!
The adder bites you but does no damage.
You hear a zap.
Some rock shatters into small pieces.
The adder barely misses you. The adder attacks as you move away!
The adder barely misses you.
The centaur shoots an arrow.
The arrow hits you!
* * * LOW HITPOINT WARNING * * *
The adder closely misses you.
The centaur shoots an arrow.
The arrow hits you.
* * * LOW HITPOINT WARNING * * *
The centaur shoots an arrow.
The arrow hits you!
You die...

#####..~~...PP.~.~..~
#..#.................
#..#..........<####..
#..#.###..#######...#
#.............###...#
#..#####.####..#.....
#..#####.##.#........
#.............##.....
#.##@###.##.####..##.
#.....S...#.......##^
######.#..#.####..###
##...#.# #..###
##..#.# #.....
#.c#.####.....
##.............
#.......##..#..
#.......##.....


You could see a centaur and an adder.

Vanquished Creatures
  A black bear (D:5)
  A scorpion (D:5)
  A hound (D:5)
  3 orc priests
  4 orc wizards
  2 iguanas (D:5)
  7 adders
  A worm (D:2)
  14 orcs
  5 endoplasms
  5 giant cockroaches
  4 goblins
  6 hobgoblins
  3 jackals (D:2)
  A quokka (D:3)
  5 ball pythons
  2 bats (D:3)
  2 frilled lizards (D:1)
  9 kobolds
  8 rats
84 creatures vanquished.

Notes
Turn   | Place    | Note
-------+----------+-------------------------------------------
     0 | D:1      | rvierbuc the Demonspawn Gladiator began the quest for the
                  | Orb.
     0 | D:1      | Reached XP level 1. HP: 16/16 MP: 1/1
   252 | D:1      | Gained mutation: You regenerate a little health from kills.
                  | [demonic ancestry]
   252 | D:1      | Reached XP level 2. HP: 22/22 MP: 2/2
   708 | D:1      | Reached skill level 3 in Long Blades
   904 | D:1      | Found a faded altar of an unknown god.
  1112 | D:2      | Reached XP level 3. HP: 27/27 MP: 3/3
  1719 | D:3      | Reached skill level 1 in Armour
  1719 | D:3      | Gained mutation: You have sharp fingernails. [demonic
                  | ancestry]
  1719 | D:3      | Reached XP level 4. HP: 29/34 MP: 4/4
  1812 | D:3      | Gained mutation: You regenerate health from kills. [demonic
                  | ancestry]
  1812 | D:3      | Reached XP level 5. HP: 39/39 MP: 5/5
  1919 | D:3      | Found a radiant altar of Vehumet.
  1919 | D:3      | Noticed a frost-covered statue
  2077 | D:3      | Reached skill level 4 in Long Blades
  2693 | D:4      | Identified the +0 falchion "Quxzan" {heavy, Will- Str-5
                  | Int+2 Dex+4}
  2731 | D:4      | Gained mutation: You have very sharp fingernails. [demonic
                  | ancestry]
  2731 | D:4      | Reached XP level 6. HP: 26/47 MP: 6/6
  2737 | D:5      | Entered Level 5 of the Dungeon
  3078 | D:5      | Reached skill level 5 in Long Blades
  3127 | D:5      | Reached XP level 7. HP: 33/52 MP: 7/7
  3319 | D:5      | Found a staircase to the Ecumenical Temple.
  3325 | Temple   | Entered the Ecumenical Temple
  3516 | D:5      | Shot with an arrow by a centaur

Illustrated notes

Levels and vault maps discovered:
D:1:      grunt_arrival_crossed_arrows, layout_basic,
          ebering_ecumenical_altar_webs, serial_bayou_lagoon_b
D:2:      layout_rooms, dreamdust_princess_corridor, st_stairs_9,
          kennysheep_cross_room
D:3:      layout_loops_cross, vehumet_statue, minmay_misc_feat_four_crosses
D:4:      layout_gridville, nicolae_elyvilon_peaceful_grove,
          mainiacjoe_overflow_tiny_flanked
D:5:      layout_basic, minmay_temple_entry_statues_pillars, chequers_big_river,
          uniq_sigmund
Temple:   nicolae_temple_ecumenical_triangle

Skill      XL: |  1  2  3  4  5  6 |
---------------+-------------------+-----
Dodging        | 3 4 |  4.1
Long Blades    | 3 4 5 |  5.4
Armour         | 1 2 |  2.1
Fighting       | 3 |  3.5
Throwing       | |  1.8
Stealth        | |  0.7

Action                     |  1- 3 |  4- 6 |  7- 9 || total
---------------------------+-------+-------+-------++-------
  Melee: Long sword        |   107 |   167 |    10 ||   284
         Punch             |     3 |     2 |     1 ||     6
  Throw: Throwing net      |       |     1 |       ||     1
   Stab: Sleeping          |     1 |       |       ||     1
 Armour: Leather armour    |    55 |    78 |     6 ||   139
  Dodge: Dodged            |    68 |   133 |    14 ||   215
